FSL
BRADENTON MARAUDERS @ ST. LUCIE METS
08/26/2099
 
TOP OF THE 1ST
Bradenton Marauders batting - Pitching for St. Lucie Mets : RHP Julio Rolon
Pitching: RHP Julio Rolon
Batting: RHB Luis Pena 0-0: Foul Ball, location: 9LSF
0-1: Foul Ball, location: 3F
0-2: Ball
1-2: Ground out 1-3 (Groundball, 13S, EV 69.4 MPH)
Batting: RHB Jim Arnold 0-0: Swinging Strike
0-1: Foul Ball, location: 5FF
0-2: Ball
1-2: Strikes out swinging
Batting: RHB Alejandro Fernandez 0-0: Foul Ball, location: 2F
0-1: Fly out, F7 (Line Drive, 7LM, EV 78.1 MPH)
Top of the 1st over - 0 runs, 0 hits, 0 errors, 0 left on base; Bradenton 0 - St. Lucie 0
BOTTOM OF THE 1ST
St. Lucie Mets batting - Pitching for Bradenton Marauders : RHP Bill Murray
Pitching: RHP Bill Murray
Batting: SHB Martin Fornes 0-0: Foul Ball, location: 23F
0-1: Ball
1-1: Foul Ball, location: 2F
1-2: Ball
2-2: Fly out, F5 (Popup, 5, EV 80.6 MPH)
Batting: LHB Jamie Heath 0-0: Ball
1-0: Ball
2-0: Called Strike
2-1: Fly out, F6 (Popup, 6, EV 74.4 MPH)
Batting: RHB Joe Dahl 0-0: Fly out, F8 (Flyball, 8LD, EV 100.0 MPH)
Bottom of the 1st over - 0 runs, 0 hits, 0 errors, 0 left on base; Bradenton 0 - St. Lucie 0
TOP OF THE 2ND
Bradenton Marauders batting - Pitching for St. Lucie Mets : RHP Julio Rolon
Batting: RHB Sean Malone 0-0: DOUBLE (Flyball, 89D, EV 101.3 MPH)
Batting: SHB Jimmy Lucas 0-0: Called Strike
Balk!
Sean Malone to third
0-1: Called Strike
0-2: Strikes out swinging
Batting: RHB Mike Sanderson 0-0: Ball
1-0: Swinging Strike
1-1: Ball
2-1: Ball
3-1: Foul Ball, location: 2F
3-2: SINGLE (Groundball, 56D, EV 98.8 MPH)
Sean Malone scores
Batting: RHB Mike Clinton 0-0: Called Strike
0-1: Called Strike
0-2: Ball
1-2: Foul Ball, location: 5F
1-2: Ball
2-2: Ball
3-2: Fly out, F7 (Flyball, 7S, EV 96.9 MPH)
Batting: RHB Freddy Castellanos 0-0: Swinging Strike
0-1: Swinging Strike
0-2: Ball
1-2: Foul Ball, location: 2F
1-2: Foul Ball, location: 9LSFF
1-2: Foul Ball, location: 2F
1-2: Foul Ball, location: 7LSF
1-2: Fly out, F7 (Flyball, 78M, EV 89.4 MPH)
Top of the 2nd over - 1 run, 2 hits, 0 errors, 1 left on base; Bradenton 1 - St. Lucie 0
BOTTOM OF THE 2ND
St. Lucie Mets batting - Pitching for Bradenton Marauders : RHP Bill Murray
Batting: RHB Ethan Robinson 0-0: Ball
1-0: Ball
2-0: Ball
3-0: Called Strike
3-1: Foul Ball, location: 9LMFF
3-2: Base on Balls
Batting: LHB Victor Vargas 0-0: Ball
1-0: Ball
2-0: Called Strike
2-1: Swinging Strike
2-2: Grounds into double play, 4-6-3 (Groundball, 4, EV 88.1 MPH)
Batting: RHB Tony Galicia 0-0: Called Strike
0-1: Swinging Strike
0-2: Hit by Pitch
Batting: RHB Craig Dennison 0-0: Ball
1-0: Ball
2-0: Fly out, F8 (Flyball, 89M, EV 94.4 MPH)
Bottom of the 2nd over - 0 runs, 0 hits, 0 errors, 1 left on base; Bradenton 1 - St. Lucie 0
TOP OF THE 3RD
Bradenton Marauders batting - Pitching for St. Lucie Mets : RHP Julio Rolon
Batting: RHB Justin Anselmi 0-0: Ball
1-0: Swinging Strike
1-1: Ball
2-1: Ball
3-1: Swinging Strike
3-2: Strikes out swinging
Batting: RHB Luis Pena 0-0: Foul Ball, location: 9LDF
0-1: Ball
1-1: Foul Ball, location: 2F
1-2: Ball
2-2: Ground out 6-3 (Groundball, 6, EV 101.3 MPH)
Batting: RHB Jim Arnold 0-0: Swinging Strike
0-1: Swinging Strike
0-2: Ball
1-2: Foul Ball, location: 23F
1-2: Ball
2-2: Ball
3-2: Fly out, F9 (Flyball, 9D, EV 107.5 MPH)
Top of the 3rd over - 0 runs, 0 hits, 0 errors, 0 left on base; Bradenton 1 - St. Lucie 0
BOTTOM OF THE 3RD
St. Lucie Mets batting - Pitching for Bradenton Marauders : RHP Bill Murray
Batting: RHB John Pennell 0-0: Called Strike
0-1: SINGLE (Line Drive, 89M, EV 98.8 MPH)
Batting: RHB Luis Medina 0-0: Bunted foul
0-1: Ball
1-1: SINGLE (Groundball, 34, EV 105.6 MPH)
John Pennell to second
Runner from 2nd tries for 3rd, SAFE, no throw by RF
Batting: SHB Martin Fornes 0-0: Called Strike
0-1: Foul Ball, location: 9LDF
0-2: Ball
1-2: Foul Ball, location: 7LDF
1-2: Ball
2-2: Strikes out looking
Batting: LHB Jamie Heath 0-0: Fly out, F8 (Flyball, 8LD, EV 106.3 MPH)
Runner from 3rd tags up, SCORES, throw by CF
Batting: RHB Joe Dahl 0-0: Ball
1-0: Foul Ball, location: 2F
1-1: Ball
2-1: Swinging Strike
2-2: Strikes out looking
Bottom of the 3rd over - 1 run, 2 hits, 0 errors, 1 left on base; Bradenton 1 - St. Lucie 1
TOP OF THE 4TH
Bradenton Marauders batting - Pitching for St. Lucie Mets : RHP Julio Rolon
Batting: RHB Alejandro Fernandez 0-0: Ball
1-0: DOUBLE (Line Drive, 89D, EV 110.0 MPH)
Batting: RHB Sean Malone 0-0: Swinging Strike
0-1: Ball
1-1: Foul Ball, location: 2F
1-2: Strikes out swinging
Batting: SHB Jimmy Lucas 0-0: Fly out, F7 (Flyball, 7LS, EV 74.4 MPH)
Batting: RHB Mike Sanderson 0-0: Foul Ball, location: 9LDF
0-1: Ball
1-1: SINGLE (Line Drive, 89S, EV 104.4 MPH)
Alejandro Fernandez to third
Runner from 3rd tries for Home, SAFE, throw by RF to home
Batting: RHB Mike Clinton 0-0: Called Strike
0-1: Swinging Strike
0-2: Ball
1-2: Ground out 1-3 (Groundball, P, EV 73.1 MPH)
Top of the 4th over - 1 run, 2 hits, 0 errors, 1 left on base; Bradenton 2 - St. Lucie 1
BOTTOM OF THE 4TH
St. Lucie Mets batting - Pitching for Bradenton Marauders : RHP Bill Murray
Batting: RHB Ethan Robinson 0-0: Ball
1-0: Called Strike
1-1: Called Strike
1-2: Ball
2-2: Ground out 6-3 (Groundball, 6, EV 94.4 MPH)
Batting: LHB Victor Vargas 0-0: Foul Ball, location: 2F
0-1: Ball
1-1: Foul Ball, location: 5SF
1-2: Foul Ball, location: 2F
1-2: SINGLE (Groundball, 4S, EV 66.3 MPH) (infield hit)
Batting: RHB Tony Galicia 0-0: Called Strike
0-1: SINGLE (Line Drive, 4MD, EV 93.8 MPH)
Victor Vargas to second
Batting: RHB Craig Dennison 0-0: Ball
1-0: Fly out, F9 (Flyball, 9, EV 91.9 MPH)
Batting: RHB John Pennell 0-0: Ball
1-0: Fly out, F8 (Flyball, 89D, EV 107.5 MPH)
Bottom of the 4th over - 0 runs, 2 hits, 0 errors, 2 left on base; Bradenton 2 - St. Lucie 1
TOP OF THE 5TH
Bradenton Marauders batting - Pitching for St. Lucie Mets : RHP Julio Rolon
Batting: RHB Freddy Castellanos 0-0: Foul Ball, location: 2F
0-1: Fly out, F7 (Flyball, 78D, EV 95.0 MPH)
Batting: RHB Justin Anselmi 0-0: Ball
1-0: Ground out 1-3 (Groundball, 15S, EV 62.5 MPH)
Batting: RHB Luis Pena 0-0: Ball
1-0: Swinging Strike
1-1: Called Strike
1-2: Fly out, F3 (Popup, 23F, EV 82.5 MPH)
Top of the 5th over - 0 runs, 0 hits, 0 errors, 0 left on base; Bradenton 2 - St. Lucie 1
BOTTOM OF THE 5TH
St. Lucie Mets batting - Pitching for Bradenton Marauders : RHP Bill Murray
Batting: RHB Luis Medina 0-0: Called Strike
0-1: SINGLE (Line Drive, 6MD, EV 75.0 MPH)
Batting: SHB Martin Fornes 0-0: SINGLE (Line Drive, 78S, EV 86.3 MPH)
Luis Medina to second
Pitching: RHP Alfonso Lucero
Batting: LHB Jamie Heath 0-0: Foul Ball, location: 2F
0-1: Ball
1-1: Called Strike
1-2: Ball
2-2: TRIPLE (Line Drive, 89XD, EV 99.4 MPH)
Luis Medina scores
Martin Fornes scores
Batting: RHB Joe Dahl 0-0: Intentional Walk
Batting: RHB Ethan Robinson 0-0: SINGLE (Groundball, 4MD, EV 108.1 MPH)
Jamie Heath scores
Joe Dahl to second
Runner from 2nd tries for 3rd, SAFE, no throw by CF
Batting: LHB Victor Vargas 0-0: Foul Ball, location: 2F
0-1: Ball
1-1: Foul Ball, location: 2F
1-2: Ball
2-2: Ball
3-2: Grounds into double play, 6-4-3 (Groundball, 6, EV 85.0 MPH)
Joe Dahl scores
Batting: RHB Tony Galicia 0-0: Ball
1-0: Ball
2-0: Foul Ball, location: 7LMF
2-1: SINGLE (Line Drive, 89S, EV 89.4 MPH)
Batting: RHB Craig Dennison 0-0: Ball
Tony Galicia steals 2nd base
1-0: Intentional Walk
Batting: RHB John Pennell 0-0: Called Strike
0-1: Ball
1-1: Ball
2-1: Foul Ball, location: 2F
2-2: Foul Ball, location: 3FF
2-2: Ball
3-2: Base on Balls
Tony Galicia to third
Craig Dennison to second
Batting: RHB Luis Medina 0-0: Ball
1-0: Foul Ball, location: 2F
1-1: Swinging Strike
1-2: Ball
2-2: Fly out, F8 (Line Drive, 78M, EV 90.0 MPH)
Bottom of the 5th over - 4 runs, 5 hits, 0 errors, 3 left on base; Bradenton 2 - St. Lucie 5
TOP OF THE 6TH
Bradenton Marauders batting - Pitching for St. Lucie Mets : RHP Julio Rolon
Batting: RHB Jim Arnold 0-0: Ball
1-0: Foul Ball, location: 2F
1-1: Foul Ball, location: 2F
1-2: Strikes out swinging
Batting: RHB Alejandro Fernandez 0-0: Called Strike
0-1: Swinging Strike
0-2: Foul Ball, location: 7LMF
0-2: Strikes out swinging
Batting: RHB Sean Malone 0-0: Ground out 5-3 (Groundball, 56S, EV 63.8 MPH)
Top of the 6th over - 0 runs, 0 hits, 0 errors, 0 left on base; Bradenton 2 - St. Lucie 5
BOTTOM OF THE 6TH
St. Lucie Mets batting - Pitching for Bradenton Marauders : RHP Alfonso Lucero
Batting: SHB Martin Fornes 0-0: Swinging Strike
0-1: Ball
1-1: Called Strike
1-2: Fly out, F6 (Popup, 6M, EV 71.3 MPH)
Batting: LHB Jamie Heath 0-0: Ground out 4-3 (Groundball, 4, EV 80.6 MPH)
Batting: RHB Joe Dahl 0-0: Ball
1-0: Ground out 6-3 (Groundball, 6, EV 100.6 MPH)
Bottom of the 6th over - 0 runs, 0 hits, 0 errors, 0 left on base; Bradenton 2 - St. Lucie 5
TOP OF THE 7TH
Bradenton Marauders batting - Pitching for St. Lucie Mets : RHP Julio Rolon
Batting: SHB Jimmy Lucas 0-0: Ball
1-0: Fly out, F9 (Flyball, 9D, EV 82.5 MPH)
Batting: RHB Mike Sanderson 0-0: Ball
1-0: Fly out, F8 (Flyball, 8RXD, EV 79.4 MPH)
Batting: RHB Mike Clinton 0-0: Called Strike
0-1: Called Strike
0-2: Foul Ball, location: 7LDF
0-2: Ball
1-2: Strikes out swinging
Top of the 7th over - 0 runs, 0 hits, 0 errors, 0 left on base; Bradenton 2 - St. Lucie 5
BOTTOM OF THE 7TH
St. Lucie Mets batting - Pitching for Bradenton Marauders : RHP Alfonso Lucero
Pitching: RHP Ivan Guardado
Batting: RHB Ethan Robinson 0-0: Swinging Strike
0-1: Fly out, F8 (Flyball, 89M, EV 90.0 MPH)
Batting: LHB Victor Vargas 0-0: Foul Ball, location: 25FF
0-1: Ball
1-1: SINGLE (Groundball, 4D, EV 98.1 MPH)
Batting: RHB Tony Galicia 0-0: Foul Ball, location: 9LDF
0-1: Ball
1-1: Foul Ball, location: 5F
1-2: SINGLE (Groundball, 6MD, EV 95.6 MPH)
Victor Vargas to second
Batting: RHB Craig Dennison 0-0: Called Strike
0-1: Fly out, F8 (Line Drive, 8RM, EV 95.6 MPH)
Lined into DP, 8-6 (Line Drive, 8RM, EV 95.6 MPH)
Bottom of the 7th over - 0 runs, 2 hits, 0 errors, 1 left on base; Bradenton 2 - St. Lucie 5
TOP OF THE 8TH
Bradenton Marauders batting - Pitching for St. Lucie Mets : RHP Julio Rolon
Now at 1B: Tony Galicia
Now at 3B: Willie Alfonso
Now in LF: Jamie Heath
Batting: RHB Freddy Castellanos 0-0: Ball
1-0: Fly out, F7 (Flyball, 7, EV 82.5 MPH)
Pitching: LHP Mike Knoblock
Pinch Hitting: RHB John Sexton 0-0: Called Strike
0-1: Foul Ball, location: 2F
0-2: Ground out 6-3 (Groundball, 6, EV 80.0 MPH)
Batting: RHB Luis Pena 0-0: Ball
1-0: Foul Ball, location: 3F
1-1: DOUBLE (Line Drive, 9LS, EV 103.1 MPH)
Batting: RHB Jim Arnold 0-0: Ball
1-0: Called Strike
1-1: Ball
2-1: Swinging Strike
2-2: Strikes out swinging
Top of the 8th over - 0 runs, 1 hit, 0 errors, 1 left on base; Bradenton 2 - St. Lucie 5
BOTTOM OF THE 8TH
St. Lucie Mets batting - Pitching for Bradenton Marauders : RHP Ivan Guardado
Now in RF: Noel Jacobs
Batting: RHB John Pennell 0-0: Called Strike
0-1: Fly out, F7 (Flyball, 78S, EV 90.6 MPH)
Batting: RHB Luis Medina 0-0: Foul Ball, location: 5SF
0-1: Ball
1-1: Ball
2-1: Ball
3-1: Base on Balls
Batting: SHB Martin Fornes 0-0: Ball
1-0: Foul Ball, location: 3DF
1-1: Foul Ball, location: 7LMF
1-2: Foul Ball, location: 3FF
1-2: Grounds into double play, 5-4-3 (Groundball, 56D, EV 86.3 MPH)
Bottom of the 8th over - 0 runs, 0 hits, 0 errors, 0 left on base; Bradenton 2 - St. Lucie 5
TOP OF THE 9TH
Bradenton Marauders batting - Pitching for St. Lucie Mets : LHP Mike Knoblock
Pitching: RHP Donovan Presley
Batting: RHB Alejandro Fernandez 0-0: Ball
1-0: Ball
2-0: Fly out, F8 (Flyball, 8LXD, EV 110.6 MPH)
Batting: RHB Sean Malone 0-0: Foul Ball, location: 23FF
0-1: Ground out 5-3 (Groundball, 56, EV 82.5 MPH)
Batting: SHB Jimmy Lucas 0-0: Called Strike
0-1: Foul Ball, location: 2F
0-2: Foul Ball, location: 3FF
0-2: Ball
1-2: SINGLE (Groundball, 34D, EV 100.6 MPH)
Batting: RHB Mike Sanderson 0-0: Called Strike
0-1: Foul Ball, location: 5FF
0-2: Ball
1-2: Foul Ball, location: 25FF
1-2: Ball
2-2: Fielders Choice at 2nd, 6-4 (Groundball, 6, EV 95.6 MPH)
Top of the 9th over - 0 runs, 1 hit, 0 errors, 1 left on base; Bradenton 2 - St. Lucie 5
Thursday, May 16th , 2024 - OOTP Baseball 24.11 Build 85